 Dungeon Sprint DCSS version 0.31-a0-841-g038b102fc3 (webtiles) character file.

Game seed: 6121511889000443994

1692 sircluck the Grappler (level 8, -6/93 HPs)
             Began as a Troll Berserker on Sept 27, 2023.
             Was an Elder of Trog.
             Mangled by a centaur warrior (12 damage)
             ... in the Dungeon (Sprint I: "Red Sonja").
             The game lasted 00:01:59 (287 turns).

sircluck the Grappler (Troll Berserker)              Turns: 287, Time: 00:01:59

Health: -6/93      AC:  4    Str: 28    XL:     8   Next: 72%
Magic:  7/7        EV: 12    Int:  3    God:    Trog [****..]
Gold:   405        SH:  0    Dex:  9    Spells: 7/7 levels left

rFire   . .          .
                       - Unarmed
rCold   . . .        (no shield)
rNeg    . . .        a - +0 animal skin
rPois   .            (helmet restricted)
rElec   .            (no cloak)
rCorr   .            (gloves unavailable)
SInv    .            (boots unavailable)
Will    .....        (no amulet)
Stlth   +            (no ring)
HPRegen 1.15/turn    (no ring)
MPRegen 0.10/turn

%: no teleportation
@: no status effects
A: large, unfitting armour, claws 3, regeneration 1, shaggy fur 1, tough skin 1
a: Renounce Religion, Berserk, Trog's Hand, Brothers in Arms


You were in the Dungeon.
You worshipped Trog.
Trog was greatly pleased with you.
You visited 1 branch You collected 405 gold pieces.

Inventory:

Armour
 a - a +0 animal skin (worn)
Wands
 h - a wand of charming (3)
Scrolls
 g - a scroll of blinking
 i - a scroll of amnesia {unknown}
Potions
 b - a potion of curing
 c - a potion of heal wounds
 d - a potion of haste
 e - 2 potions of magic
 f - a potion of berserk rage


   Skills:
 + Level 10.1 Fighting
 + Level 9.9 Dodging
 + Level 11.7 Unarmed Combat


You had 7 spell levels left.
You didn't know any spells.
Your spell library was empty.

Dungeon Overview and Level Annotations

Branches:
Dungeon (1/1)

Altars:
Cheibriados
Dithmenos
Elyvilon
Fedhas
Gozag
Hepliaklqana
Kikubaaqudgha
Makhleb
Nemelex Xobeh
Okawaru
Qazlal
Ru
Sif Muna
Trog
Uskayaw
Vehumet
Wu Jian
Xom
Yredelemnul
Zin
The Shining One
Jiyva
Lugonu

Shops:
D [


Innate Abilities, Weirdness & Mutations

You are too large for most types of armour.
You have claws for hands.
Your natural rate of healing is unusually fast.
You are covered in fur. (AC +1)
You have tough skin. (AC +1)


Message History

You are too injured to fight recklessly!
You are too injured to fight recklessly!
You are too injured to fight recklessly!
You are too injured to fight recklessly!
Unknown command.
You mangle the centaur warrior!!
You kill the centaur warrior!
Trog accepts your kill. The centaur warrior hits you!
The centaur warrior kicks you.
Your Fighting skill increases to level 10!
Your Unarmed Combat skill increases to level 11!
Unknown command.
Unknown command.
You mangle the centaur warrior!!
The centaur warrior is moderately wounded.
The centaur warrior hits you!
* * * LOW HITPOINT WARNING * * *
The centaur warrior misses you.
You completely miss the centaur warrior.
The centaur warrior is moderately wounded.
The centaur warrior hits you but does no damage.
The centaur warrior barely misses you.
You claw the centaur warrior!
The centaur warrior is severely wounded.
The centaur warrior hits you.
* * * LOW HITPOINT WARNING * * *
The centaur warrior kicks you but does no damage.
You closely miss the centaur warrior.
The centaur warrior is severely wounded.
The centaur warrior hits you.
* * * LOW HITPOINT WARNING * * *
The centaur warrior barely misses you.
You mangle the centaur warrior!!
The centaur warrior is almost dead.
The centaur warrior hits you!
* * * LOW HITPOINT WARNING * * *
The centaur warrior kicks you.
* * * LOW HITPOINT WARNING * * *
The centaur warrior hits you!
You die...

########################
.#..)..#..'..#__#..')..#
)'..#..'..#..'..'..#)..#
.#####'#####[#__####...+
.####..#...#(####§§#####
.#__####..##)#§§§.§#
.#_____##'#_.'§§@§§+
⌠#_.∩...'.§._#§§§c§#
##_..__##_.#'##+####
#_____###+#.# #######
###


You could see a centaur warrior.

Vanquished Creatures
  A centaur warrior (D)
  2 kobold demonologists (D)
  A slime creature (D)
  Sigmund (D)
  A yak (D)
  A floating eye (D)
  An ogre (D)
  Ijyb (D)
9 creatures vanquished.

Vanquished Creatures (collateral kills)
  A jelly (D)
1 creature vanquished.

Grand Total: 10 creatures vanquished

Notes
Turn   | Place    | Note
-------+----------+-------------------------------------------
     0 | D        | sircluck the Troll Berserker began the quest for the Orb.
     0 | D        | Reached XP level 1. HP: 22/22 MP: 0/0
     1 | D        | Noticed Ijyb
    12 | D        | Killed Ijyb
    13 | D        | Reached skill level 4 in Unarmed Combat
    13 | D        | Reached XP level 2. HP: 32/32 MP: 1/1
    20 | D        | Noticed an ogre
    29 | D        | Killed an ogre
    30 | D        | Reached skill level 5 in Fighting
    30 | D        | Reached skill level 5 in Dodging
    30 | D        | Reached skill level 6 in Unarmed Combat
    30 | D        | Reached XP level 3. HP: 9/42 MP: 2/2
    30 | D        | Reached XP level 4. HP: 11/50 MP: 3/3
    76 | D        | Noticed Sigmund
    94 | D        | Found an ornate altar of the Wu Jian Council.
    94 | D        | Found a shimmering blue altar of Sif Muna.
    96 | D        | Found a radiant altar of Vehumet.
   103 | D        | Reached ** piety under Trog
   108 | D        | Found a burning altar of Makhleb.
   108 | D        | Found a viscous altar of Jiyva.
   108 | D        | Found a shimmering altar of Xom.
   108 | D        | Found a corrupted altar of Lugonu.
   108 | D        | Noticed a slime creature
   111 | D        | Killed Sigmund
   112 | D        | Reached skill level 7 in Unarmed Combat
   112 | D        | Reached XP level 5. HP: 59/59 MP: 4/4
   115 | D        | Killed a slime creature
   116 | D        | Reached skill level 8 in Unarmed Combat
   116 | D        | Reached XP level 6. HP: 71/71 MP: 5/5
   166 | D        | Noticed a kobold demonologist
   166 | D        | Noticed a floating eye
   166 | D        | Noticed a kobold demonologist
   168 | D        | Killed a floating eye
   169 | D        | Reached skill level 9 in Unarmed Combat
   174 | D        | Noticed a ynoxinul
   174 | D        | Killed a kobold demonologist
   174 | D        | Reached *** piety under Trog
   175 | D        | Reached XP level 7. HP: 77/81 MP: 6/6
   187 | D        | Killed a kobold demonologist
   187 | D        | Reached **** piety under Trog
   188 | D        | Reached skill level 10 in Unarmed Combat
   226 | D        | Found Pytwevve's Antique Armour Emporium.
   226 | D        | Found an ancient bone altar of Kikubaaqudgha.
   226 | D        | Found a hazy altar of Hepliaklqana.
   226 | D        | Found a hide-covered altar of Uskayaw.
   226 | D        | Found a basalt altar of Yredelemnul.
   226 | D        | Found an opulent altar of Gozag.
   226 | D        | Found a snail-covered altar of Cheibriados.
   226 | D        | Found a sacrificial altar of Ru.
   226 | D        | Found a shadowy altar of Dithmenos.
   226 | D        | Noticed a yak
   232 | D        | Killed a yak
   233 | D        | Reached XP level 8. HP: 81/92 MP: 7/7
   243 | D        | Found a stormy altar of Qazlal.
   243 | D        | Found a blossoming altar of Fedhas.
   243 | D        | Found a bloodstained altar of Trog.
   243 | D        | Found an iron altar of Okawaru.
   243 | D        | Found a glowing golden altar of the Shining One.
   243 | D        | Found a glowing silver altar of Zin.
   243 | D        | Found a white marble altar of Elyvilon.
   244 | D        | Found a sparkling altar of Nemelex Xobeh.
   271 | D        | Noticed a centaur warrior
   273 | D        | Noticed a centaur warrior
   282 | D        | Killed a centaur warrior
   283 | D        | Reached skill level 10 in Fighting
   283 | D        | Reached skill level 11 in Unarmed Combat
   287 | D        | Mangled by a centaur warrior

Illustrated notes

Levels and vault maps discovered:
D:        dungeon_sprint_1 [red_sonja_temple_1, red_sonja_temple_small_1]

Skill      XL: |  1  2  3  4  5  6  7  8 |
---------------+-------------------------+-----
Fighting       | 3 5 6 7 8 9 10 | 10.1
Dodging        | 3 5 6 7 8 9 |  9.9
Unarmed Combat | 4 6 7 8 9 10 11 | 11.7

Action                     |  1- 3 |  4- 6 |  7- 9 || total
---------------------------+-------+-------+-------++-------
  Melee: Unarmed           |    14 |    12 |    30 ||    56
         Punch             |       |       |     1 ||     1
 Invoke: Berserk           |       |     1 |       ||     1
  Evoke: Wand              |     2 |     2 |       ||     4
 Armour: Animal skin       |     4 |     9 |    39 ||    52
  Dodge: Dodged            |     4 |     6 |    21 ||    31

Table legend: (Time is in decaauts)
 A = Elapsed time spent in this place.
 B = Non-inter-level travel time spent in this place.
 C = Inter-level travel time spent in this place.
 D = Time resting spent in this place.
 E = Time spent auto-exploring this place.
 F = Levels seen in this place.
 G = Mean time per level.
                   A        B        C        D        E       F      G
               +--------+--------+--------+--------+--------+-----+--------+
         Total |    286 |    286 |      0 |     42 |     69 |   1 |  286.0 |
       Dungeon |    286 |    286 |      0 |     42 |     69 |   1 |  286.0 |
               +--------+--------+--------+--------+--------+-----+--------+

Top non-repeatable levels by time:
       D: 286 daAuts
